 Dungeon Crawl Stone Soup version 0.28-a0-1206-g193881aaa2 (webtiles) character file.

Game seed: 2579469732778650623

14910 sanka the Carver (level 11, -4/95 HPs)
             Began as a Palentonga Abyssal Knight on Dec 20, 2021.
             Was a Priest of Lugonu.
             Slain by a skeletal warrior (22 damage)
             ... on level 12 of the Dungeon.
             The game lasted 00:32:41 (18698 turns).

sanka the Carver (Palentonga Abyssal Knight)       Turns: 18698, Time: 00:32:42

Health: -4/95      AC: 21    Str: 25    XL:     11   Next: 94%
Magic:  17/17      EV: 12    Int: 10    God:    Lugonu [***...]
Gold:   412        SH: 11    Dex: 13    Spells: 10/10 levels left

rFire   . . .      SeeInvis +   a - +6 long sword (freeze)
rCold   . . .      Faith    .   t - +0 kite shield
rNeg    . . .      Spirit   .   w - +2 ring mail {Will+}
rPois   .          Reflect  .   P - +1 hat {Will+}
rElec   .          Harm     .   G - +2 cloak {Stlth+}
rCorr   .          Rampage  .   E - +2 pair of gloves {hurl}
Will    ++...                   (no barding)
Stlth   ++........              H - amulet of regeneration
HPRegen 0.25/turn               L - +4 ring of evasion
MPRegen 0.15/turn               B - +6 ring of strength

@: curled up
A: large, rugged brown scales 3, see invisible, deformed body, roll 1, armoured
tail, reflexive curl
a: Rolling Charge, Renounce Religion, Depart the Abyss, Bend Space, Banish


You were on level 12 of the Dungeon.
You worshipped Lugonu.
Lugonu was most pleased with you.
You visited 1 branch of the dungeon, and saw 12 of its levels.
You visited the Abyss 1 time.

You collected 741 gold pieces.
You spent 329 gold pieces at shops.


Innate Abilities, Weirdness & Mutations

You are completely covered in rugged brown scales. (AC +3, +7% HP)
You have supernaturally acute eyesight. (SInv)
Armour fits poorly on your strangely shaped body.
You can roll at nearby foes to attack.
You have a long armoured tail.
You curl defensively after being hit. (AC +7*)


   Skills:
 + Level 9.1 Fighting
 + Level 11.6 Long Blades
 - Level 1.5 Armour
 - Level 0.7 Dodging
 - Level 9.0 Shields
 + Level 9.3 Invocations


You had 10 spell levels left.
You didn't know any spells.
Your spell library contained the following spells:

 Spells                   Type           Power      Damage    Failure   Level
 Animate Skeleton         Necr           0%         N/A       50%         1
 Apportation              Tloc           0%         N/A       50%         1
 Summon Small Mammal      Summ           0%         N/A       50%         1
 Corpse Rot               Necr/Air       0%         N/A       65%         2
 Gell's Gravitas          Tloc           0%         N/A       86%         3
 Lesser Beckoning         Tloc           0%         N/A       86%         3
 Ozocubu's Armour         Ice            0%         N/A       86%         3
 Teleport Other           Tloc           0%         N/A       86%         3
 Tukima's Dance           Hex            0%         N/A       86%         3
 Passage of Golubria      Tloc           0%         N/A       99%         4
 Summon Ice Beast         Ice/Summ       0%         N/A       99%         4
 Freezing Cloud           Conj/Ice/Air   0%         6-21      100%        5
 Metabolic Englaciation   Hex/Ice        0%         N/A       100%        5
 Yara's Violent Unravell  Hex/Tmut       0%         3d3       100%        5
 Simulacrum               Ice/Necr       0%         N/A       100%        6
 Monstrous Menagerie      Summ           0%         N/A       100%        7
 Ozocubu's Refrigeration  Ice            0%         4d5       100%        7
 Polar Vortex             Ice            0%         N/A       100%        9

Inventory:

Hand Weapons
 a - a +6 long sword of freezing (weapon)
 F - a +2 war axe of flaming
 M - a +0 scimitar
Armour
 t - a +0 kite shield (worn)
 w - a +2 ring mail of willpower (worn)
 E - a +2 pair of gloves of hurling (worn)
 G - a +2 cloak of stealth (worn)
 P - a +1 hat of willpower (worn)
Jewellery
 c - an amulet of faith
 y - a ring of protection from fire
 z - a ring of resist corrosion
 B - a +6 ring of strength (right hand)
 D - a ring of protection from fire
 H - an amulet of regeneration (around neck)
 L - a +4 ring of evasion (left hand)
Wands
 u - a wand of polymorph (15)
 v - a wand of iceblast (4)
 A - a wand of acid (7)
 O - a wand of charming (6)
 R - a wand of flame (10)
Scrolls
 b - 4 scrolls of amnesia
 g - 6 scrolls of teleportation {@r4}
 h - a scroll of acquirement
 i - 2 scrolls of fog
 k - a scroll of vulnerability {!r}
 l - 6 scrolls of immolation {!r}
 I - 2 scrolls of silence {!r}
 J - 2 scrolls of noise {!r}
Potions
 e - 6 potions of heal wounds {@q2}
 f - 2 potions of ambrosia {unknown}
 j - 2 potions of might {unknown}
 m - a potion of haste {unknown}
 n - 2 potions of invisibility {unknown}
 o - 2 potions of mutation {unknown}
 p - 2 potions of berserk rage {!q}
 q - a potion of magic {unknown}
 r - a potion of resistance {unknown}
 s - a potion of lignification {unknown}
 C - a potion of flight {unknown}
 K - 2 potions of curing {@q1}
 Q - a potion of cancellation

Dungeon Overview and Level Annotations

Branches:
Dungeon (12/15)            Temple (0/1) D:7            Lair (0/6) D:10
    Orc (0/2) D:11

Altars:
Uskayaw

Shops:
D:2 (   D:3 (((   D:10 (   D:11 !

Annotations:
D:4 1 runed translucent door, exclusion: door, Goblin1989's ghost, amateur GnFi
Abyss:1 Pikel

... ▒▒.▒ ▒.▒ ▒.▒ ▒.▒
....▒▒..▒ ▒.▒ ▒.▒ ▒.▒
........▒▒▒.▒▒ ▒.▒ ▒.▒
▒▒.......▒▒▒.▒▒▒.▒▒
▒..................
▒.▒▒▒▒▒▒▒▒▒▒▒.▒▒.▒▒
..▒▒.......▒▒▒.▒▒.▒▒
..(.▒.♣▒▒▒▒▒♣.▒▒.▒▒.▒▒
▒(.. ▒H▒ ▒.▒▒.▒▒.▒▒
▒▒▒ ▒)▒ ▒.▒▒.▒▒)▒▒
▒zz..z..▒.......▒▒
▒.▒.♣.♣.▒.▒..▒▒▒▒▒
▒.▒▒.. ▒.▒▒.▒ ▒.♣ ▒▒▒
♣.▒▒.▒ ▒▒. .▒▒▒.▒ ▒ ▒
▒.▒ ▒.▒▒▒▒▒


You could see 2 skeletal warriors.


Message History

You freeze the two-headed ogre.
The two-headed ogre is moderately wounded.
You slash the two-headed ogre! You freeze the two-headed ogre.
You tail-slap the two-headed ogre, but do no damage.
The two-headed ogre is severely wounded.
The two-headed ogre closely misses you. The two-headed ogre barely misses you.
You slash the two-headed ogre! You freeze the two-headed ogre.
You tail-slap the two-headed ogre!
The two-headed ogre is almost dead.
The two-headed ogre hits you with a +0 giant club!
* * * LOW HITPOINT WARNING * * *
You block the two-headed ogre's attack.
You closely miss the two-headed ogre.
The two-headed ogre is almost dead.
You hit the two-headed ogre. You freeze the two-headed ogre.
The two-headed ogre is almost dead.
The two-headed ogre hits you with a +0 giant club!
* * * LOW HITPOINT WARNING * * *
The two-headed ogre barely misses you.
Unknown command.
You slash the two-headed ogre! You freeze the two-headed ogre.
You kill the two-headed ogre!
Lugonu accepts your kill.
The skeletal warrior hits you from afar with a +0 glaive!!
You die...

Action                   |  1- 3 |  4- 6 |  7- 9 | 10-12 || total
-------------------------+-------+-------+-------+-------++-------
Melee: Falchion          |    57 |    23 |       |       ||    80
       Tailslap          |     4 |    12 |    82 |    74 ||   172
       Long sword        |       |   122 |   591 |   404 ||  1117
       Unarmed           |       |    14 |       |       ||    14
Invok: Depart the Abyss  |     1 |       |       |       ||     1
       Banish            |       |       |     3 |     5 ||     8
 Abil: Rolling Charge    |     8 |     5 |    25 |    23 ||    61
Evoke: Wand              |       |       |     1 |    12 ||    13
  Use: Scroll            |       |       |     3 |     7 ||    10
Armor: Leather armour    |    26 |    77 |    56 |       ||   159
       Skin              |       |     7 |       |       ||     7
       Ring mail         |       |       |   172 |   104 ||   276
Dodge: Dodged            |    21 |   102 |   225 |   119 ||   467
Block: Kite shield       |       |       |   163 |   169 ||   332

Levels and vault maps discovered:
D:1:      dpeg_arrival_arbitrary_b, layout_basic,
          hellmonk_ecumenical_altar_watching_god, minmay_crystal_room
D:2:      minmay_general_purpose_star, layout_rooms, serial_shops,
          nicolae_diamond_shop, kennysheep_nub, nrook_uturn,
          minmay_misc_feat_ornament, st_stairs_7
D:3:      layout_rooms, gammafunk_ghost_arena, serial_shops, nicolae_shop_stone,
          nicolae_shop_crystal, shop, minmay_puff
D:4:      layout_basic, ebering_ghost_inner_flame, palyth_stone_intersect,
          uniq_crazy_yiuf_cottage, uniq_blork_the_orc
D:5:      minmay_evil_eye, layout_gridville, serial_bayou, serial_bayou_pond_c,
          serial_bayou_pond_b, serial_bayou_shore_b, serial_bayou_lagoon_b,
          serial_bayou_pond_a, serial_bayou_pond_c, minmay_chambers_of_fives,
          uniq_pikel
D:6:      layout_loops_corners
D:7:      layout_basic, minmay_temple_entry_glass
D:8:      layout_basic, corexii_hall_statues_u, kennysheep_small_circle
D:9:      layout_cave_pods, nicolae_elevator_lobby_asterisk, uniq_joseph
D:10:     layout_rooms, mainiacjoe_overflow_concentric_impassable,
          erik_lair_orcish_takeover, serial_shops, shop, uniq_maurice,
          uniq_nergalle, uniq_gastronok
D:11:     layout_irregular_city, orc_0_dummy, serial_shops, shop
D:12:     layout_loops_ring, gauntlet_entry_generic, grunt_ministairs_11,
          uniq_nessos

Notes
Turn   | Place    | Note
-------+----------+-------------------------------------------
     0 | Abyss:1  | sanka the Palentonga Abyssal Knight began the quest for the
                  | Orb.
     0 | Abyss:1  | Reached XP level 1. HP: 19/19 MP: 2/2
    21 | Abyss:1  | Found a viscous altar of Jiyva.
    81 | Abyss:1  | Noticed a large abomination
    83 | Abyss:1  | Noticed a flying skull
    89 | D:1      | Escaped the Abyss
   776 | D:1      | Reached XP level 2. HP: 24/25 MP: 3/3
   923 | D:1      | Noticed an eye of devastation
   925 | D:1      | Noticed a golden eye
   927 | D:1      | Found a faded altar of an unknown god.
   929 | D:1      | Noticed a great orb of eyes
   929 | D:1      | Noticed an eye of devastation
   935 | D:1      | Reached * piety under Lugonu
  1093 | D:1      | Reached skill level 3 in Long Blades
  1276 | D:2      | Reached skill level 4 in Long Blades
  1276 | D:2      | Reached XP level 3. HP: 17/31 MP: 4/4
  1541 | D:2      | Reached XP level 4. HP: 16/37 MP: 5/5
  2506 | D:2      | Found Luhenuj's Antique Weapon Boutique.
  2512 | D:2      | Bought a long sword for 77 gold pieces
  2693 | D:3      | Found Ucric's Antique Weapon Shop.
  2774 | D:3      | Found Jinkaj's Weapon Boutique.
  2774 | D:3      | Found Zoifycw's Antique Weapon Boutique.
  2936 | D:3      | Noticed Verendum's ghost (amateur OpMo)
  2939 | D:3      | Found a transporter.
  2968 | D:3      | Found a transporter.
  3000 | D:3      | Reached skill level 5 in Long Blades
  3008 | D:3      | Reached XP level 5. HP: 16/43 MP: 6/6
  3008 | D:3      | Reached ** piety under Lugonu
  3724 | D:4      | Noticed an ogre
  3756 | D:3      | Killed Verendum's ghost
  3757 | D:3      | Reached skill level 6 in Long Blades
  3757 | D:3      | Reached skill level 3 in Invocations
  3757 | D:3      | Reached XP level 6. HP: 13/50 MP: 6/8
  4166 | D:4      | Reached skill level 4 in Invocations
  4204 | D:4      | Found a runed translucent door.
  4205 | D:4      | Noticed Crazy Yiuf
  4271 | D:4      | Noticed Blork the orc
  4306 | D:4      | Killed Blork the orc
  4519 | D:4      | Reached skill level 5 in Invocations
  4584 | D:4      | Found a runed translucent door.
  4588 | D:4      | Noticed a hornet
  4591 | D:4      | Gained mutation: You curl defensively after being hit. (AC
                  | +7*) [Palentonga growth]
  4591 | D:4      | Reached XP level 7. HP: 27/55 MP: 9/11
  4593 | D:4      | Noticed Goblin1989's ghost (amateur GnFi)
  4799 | D:4      | Reached skill level 6 in Invocations
  5189 | D:4      | Reached skill level 7 in Invocations
  5287 | D:4      | Reached *** piety under Lugonu
  6087 | D:5      | Entered Level 5 of the Dungeon
  6611 | D:5      | Reached skill level 8 in Invocations
  6611 | D:5      | Reached XP level 8. HP: 40/62 MP: 12/14
  6801 | D:3      | Reached skill level 1 in Shields
  7355 | D:5      | Reached skill level 2 in Shields
  7611 | D:4      | HP: 4/62 [iguana (6)]
  8081 | D:5      | Reached skill level 3 in Shields
  8156 | D:5      | Noticed Pikel
  8307 | D:5      | Banished Pikel
  8308 | D:5      | Reached skill level 5 in Shields
  8654 | D:5      | Reached XP level 9. HP: 31/67 MP: 15/15
  8810 | D:5      | Reached skill level 6 in Shields
  8931 | D:5      | Identified the +0 robe of Brilliance {*Slow rElec Will+++}
  9407 | D:6      | Got the Incunabulum of Companions and Lightness
  9716 | D:6      | Reached skill level 7 in Long Blades
 10236 | D:8      | Reached **** piety under Lugonu
 10270 | D:8      | Reached skill level 7 in Shields
 10976 | D:7      | Found a staircase to the Ecumenical Temple.
 11608 | D:6      | Reached skill level 8 in Long Blades
 11760 | D:6      | Reached skill level 8 in Shields
 12317 | D:4      | Killed Crazy Yiuf
 12986 | D:7      | Reached ***** piety under Lugonu
 13533 | D:8      | Reached XP level 10. HP: 73/74 MP: 16/16
 14657 | D:9      | Reached skill level 9 in Shields
 14690 | D:9      | Identified +0 steam dragon scales
 15327 | D:9      | Reached skill level 4 in Fighting
 15423 | D:9      | Reached skill level 5 in Fighting
 15423 | D:9      | Reached skill level 9 in Long Blades
 15619 | D:9      | Noticed Joseph
 15640 | D:9      | Killed Joseph
 15975 | D:10     | Entered Level 10 of the Dungeon
 15992 | D:10     | Reached skill level 6 in Fighting
 16208 | D:10     | Noticed Maurice
 16214 | D:10     | Killed Maurice
 16215 | D:10     | Reached XP level 11. HP: 88/88 MP: 17/17
 16247 | D:9      | Reached skill level 10 in Long Blades
 16475 | D:10     | Noticed Gastronok
 16602 | D:10     | Killed Gastronok
 16603 | D:10     | Reached skill level 7 in Fighting
 16764 | D:10     | Found a hide-covered altar of Uskayaw.
 16851 | D:10     | Noticed Nergalle
 17033 | D:10     | Found a staircase to the Lair.
 17257 | D:10     | Killed Nergalle
 17493 | D:10     | Found Hupini's Antique Weapon Emporium.
 17795 | D:11     | Reached skill level 8 in Fighting
 17856 | D:11     | Noticed a two-headed ogre
 17859 | D:11     | Found Jyruf's Distillery.
 17862 | D:11     | Killed a two-headed ogre
 17863 | D:11     | Reached skill level 11 in Long Blades
 17973 | D:11     | Bought a potion of heal wounds for 70 gold pieces
 17973 | D:11     | Bought a potion of berserk rage for 70 gold pieces
 17973 | D:11     | Bought a potion of cancellation for 112 gold pieces
 18242 | D:11     | Found a staircase to the Orcish Mines.
 18517 | D:12     | Reached skill level 9 in Invocations
 18519 | D:12     | Noticed a two-headed ogre
 18529 | D:12     | Killed a two-headed ogre
 18530 | D:12     | Reached skill level 9 in Fighting
 18561 | D:12     | Identified a scroll of acquirement
 18566 | D:12     | Noticed a boulder beetle
 18574 | D:12     | Banished a boulder beetle
 18690 | D:12     | Noticed a two-headed ogre
 18691 | D:12     | Noticed a skeletal warrior
 18691 | D:12     | Noticed a skeletal warrior
 18691 | D:12     | Noticed a skeletal warrior
 18698 | D:12     | Killed a two-headed ogre
 18698 | D:12     | Slain by a skeletal warrior

Vanquished Creatures
  Gastronok (D:10)
  3 two-headed ogres
  Nergalle (D:10)
  Maurice (D:10)
  Joseph (D:9)
  A gargoyle (D:11)
  A komodo dragon (D:9)
  A hornet (D:9)
  A shadow (D:11)
  3 wraiths
  20 yaks
  The ghost of Verendum the Insei, an amateur OpMo of Wu Jian (D:3)
  2 steam dragons
  2 wargs
  An acid dragon (D:9)
  A water moccasin (D:6)
  2 sky beasts
  An ice beast (D:5)
  3 orc warriors
  2 necrophages
  5 ogres
  4 centaurs
  A lemure (D:5)
  A phantom (D:4)
  3 kobold brigands
  Blork the orc (D:4)
  A bullfrog (D:6)
  A water moccasin zombie (D:5)
  4 scorpions
  2 water moccasin skeletons (D:4)
  12 wights
  A killer bee (D:8)
  4 howler monkeys
  2 centaur zombies
  2 hounds
  12 orc priests
  3 jellies
  Crazy Yiuf (D:4)
  7 iguanas
  10 orc wizards
  2 killer bee zombies (D:6)
  A hound zombie (D:5)
  A hound skeleton (D:4)
  2 howler monkey zombies
  5 gnolls
  9 adders
  3 shadow imps
  2 ufetubi
  An adder skeleton (D:5)
  A worm (D:3)
  57 orcs
  4 ball pythons
  10 bats
  7 endoplasms
  A giant cockroach (D:3)
  6 goblins
  8 hobgoblins
  11 jackals (D:4)
  4 quokkas
  A frilled lizard (D:3)
  17 kobolds
  4 rats
283 creatures vanquished.

Vanquished Creatures (others)
  23 plants (D:5)
23 creatures vanquished.

Grand Total: 306 creatures vanquished
